 Dungeon Crawl Stone Soup version 0.23-a0-370-gf497b7c (webtiles) character file.

165 Moebius the Poker (level 5, 0/41 HPs)
             Began as a Merfolk Gladiator on Oct 24, 2018.
             Was an Initiate of Okawaru.
             Slain by Pikel
             ... wielding a +1 whip of freezing
              (3 damage)
             ... on level 3 of the Dungeon.
             The game lasted 00:07:39 (2109 turns).

Moebius the Poker (Merfolk Gladiator)               Turns: 2109, Time: 00:07:40

Health: 0/41       AC:  5    Str: 19    XL:     5   Next: 46%
Magic:  5/5        EV: 15    Int:  7    God:    Okawaru [......]
Gold:   249        SH:  0    Dex: 17    Spells: 4/4 levels left

rFire    + . .     SeeInvis .   a - +0 trident
rCold    + . .     Gourm    .   (no shield)
rNeg     . . .     Faith    .   b - +0 leather armour
rPois    +         Spirit   .   c - +1 helmet
rElec    +         Reflect  .   (no cloak)
rCorr    +         Harm     .   (no gloves)
MR       .....                  (no boots)
Stlth    ++........             (no amulet)
HPRegen  0.13/turn              h - ring of stealth
MPRegen  0.09/turn              (no ring)

@: mighty, resistant
A: change form in water, swift swim, stealthy swim
a: Renounce Religion


You were on level 3 of the Dungeon.
You worshipped Okawaru.
Okawaru was noncommittal.
You were not hungry.

You visited 1 branch of the dungeon, and saw 4 of its levels.

You collected 249 gold pieces.

Inventory:

Hand Weapons
 a - a +0 trident (weapon)
 j - a +0 dagger of venom
Missiles
 d - 3 throwing nets (quivered)
Armour
 b - a +0 leather armour (worn)
 c - a +1 helmet (worn)
Jewellery
 h - a ring of stealth (left hand)
 q - an uncursed ring of protection from magic
Wands
 m - a wand of flame (29)
Scrolls
 e - a scroll of fear
 n - a scroll of remove curse
Potions
 o - a potion of invisibility {unknown}
Comestibles
 f - 4 rations
 i - a chunk of flesh


   Skills:
 + Level 3.1 Fighting
 + Level 7.4 Polearms
 - Level 2.0 Throwing
 - Level 5.0 Dodging


You had 4 spell levels left.
You didn't know any spells.
Your spell library was empty.

Dungeon Overview and Level Annotations

Branches:
Dungeon (4/15)
 Temple: D:4-7

Altars:
Okawaru

Annotations:
D:3 Pikel


Message History

You feel very mighty all of a sudden. The slave hits you. The slave misses you.
Pikel hits you with a +1 whip of freezing.
* * * LOW HITPOINT WARNING * * *
You hit Pikel but do no damage.
Pikel is lightly wounded.
The slave misses you. The slave barely misses you.
Pikel hits you with a +1 whip of freezing.
* * * LOW HITPOINT WARNING * * *
You puncture Pikel!
Pikel is heavily wounded.
The slave closely misses you. x2; Pikel barely misses you.
You closely miss Pikel.
Pikel is heavily wounded.
The slave misses you. The slave hits you.
* * * LOW HITPOINT WARNING * * *
You puncture Pikel!
Pikel is heavily wounded.
Pikel hits you with a +1 whip of freezing.
You die...

....)...# #.# #.#
#########
##########.#####........
.r.........†............
#######.##.###.#.##.....
#.##.# #.#.##.....
#p##.###.#.##.....
#@p...<...........
#K##.###..........
#.##...+......####
#.######......# #.#
#......# #.# ########
#.# #.# ###.#########


You could see Pikel and 2 slaves.

Vanquished Creatures
  2 orc wizards
  2 gnolls (D:2)
  2 adders (D:2)
  A worm (D:3)
  4 dart slugs
  A leopard gecko (D:2)
  8 orcs
  A giant cockroach (D:1)
  7 goblins
  6 hobgoblins
  A quokka (D:3)
  2 ball pythons (D:1)
  7 bats
  6 frilled lizards
  4 kobolds
  5 rats
59 creatures vanquished.

Notes
Turn   | Place    | Note
-------+----------+-------------------------------------------
     0 | D:1      | Moebius the Merfolk Gladiator began the quest for the Orb.
     0 | D:1      | Reached XP level 1. HP: 16/16 MP: 1/1
    69 | D:1      | Reached XP level 2. HP: 22/22 MP: 2/2
   182 | D:1      | Reached skill level 5 in Polearms
   343 | D:1      | Reached XP level 3. HP: 19/28 MP: 3/3
   960 | D:2      | Reached skill level 6 in Polearms
   960 | D:2      | Reached XP level 4. HP: 19/34 MP: 4/4
  1001 | D:2      | Found an iron altar of Okawaru.
  1021 | D:2      | Reached skill level 5 in Dodging
  1040 | D:2      | Became a worshipper of Warmaster Okawaru
  1484 | D:3      | Reached XP level 5. HP: 38/40 MP: 5/5
  1833 | D:3      | Reached skill level 7 in Polearms
  2096 | D:4      | Noticed Pikel
  2096 | D:4      | Noticed a slave
  2096 | D:4      | Noticed a slave
  2096 | D:4      | Noticed a slave
  2096 | D:4      | Noticed a slave
  2102 | D:3      | HP: 1/41 [slave[Pikel] (6)]
  2109 | D:3      | Slain by Pikel

Vault maps used:
D:1:      dpeg_arrival_simpleton_c
D:2:      first_ration, minivault_27, okawaru_altar_gauntlet_db
D:3:      lemuel_crystal_altar
D:4:      old_standard_altar, kennysheep_flooded_box, uniq_eustachio, uniq_pikel

Skill      XL: |  1  2  3  4  5 |
---------------+----------------+-----
Polearms       | 5 6 7 |  7.4
Dodging        | 5 |  5.0
Fighting       | 3 |  3.1
Throwing       | |  2.0

Action                   |  1- 3 |  4- 6 || total
-------------------------+-------+-------++-------
Melee: Trident           |    99 |    81 ||   180
Evoke: Wand              |       |     8 ||     8
  Use: Scroll            |     5 |     6 ||    11
       Potion            |       |     5 ||     5
 Stab: Sleeping          |     4 |     4 ||     8
  Eat: Chunk             |       |     4 ||     4
Armor: Leather armour    |    16 |     5 ||    21
Dodge: Dodged            |    67 |    57 ||   124

Table legend:
 A = Non-vault XP
 B = Vault XP
 C = Vault XP percentage of total XP
 D = Non-vault monster count
 E = Vault monster count
 F = Vault count percentage of total count
                 A         B        C        D         E       F
            +---------+---------+-------+---------+---------+-------
      Total |     201 |      35 |  14.8 |      53 |       6 |  10.2
            +---------+---------+-------+---------+---------+-------
        D:1 |      40 |       0 |   0.0 |      21 |       0 |   0.0
        D:2 |      88 |      35 |  28.5 |      18 |       6 |  25.0
        D:3 |      73 |       0 |   0.0 |      14 |       0 |   0.0
            +---------+---------+-------+---------+---------+-------
